 Dungeon Sprint DCSS version 0.17.0-15-g6d90897 (webtiles) character file.

112 hexophile the Carver (level 4, -2/36 HPs)
             Began as a Ghoul Gladiator on Nov 10, 2015.
             Was a Follower of Qazlal.
             Slain by a phantom (7 damage)
             ... in the Dungeon (Sprint IX: "|||||||||||||||||||||||||||||").
             The game lasted 00:01:19 (158 turns).

hexophile the Carver (Ghoul Gladiator)               Turns: 158, Time: 00:01:19

Health: -2/36      AC:  4    Str: 19    XL:     4   Next: 93%
Magic:  3/3        EV: 12    Int:  3    God:    Qazlal [*.....]
Gold:   0          SH:  2    Dex:  9    Spells: 0 memorised, 3 levels left

rFire  . . .     SeeInvis .     a - +0 long sword
rCold  + . .     Clarity  .     b - +0 leather armour
rNeg   + + +     SustAt   .     (no shield)
rPois  ∞         Gourm    .     c - +0 helmet
rElec  .         Spirit   .     (no cloak)
rCorr  .         Warding  .     (no gloves)
rMut   .         NoTele   +     (no boots)
MR     .....                    (no amulet)
Stlth  +.........               (no ring)
                                (no ring)

@: rotting, hasted, very quick, not resistant to hostile enchantments, very
unstealthy
A: rotting body, claws 1, carnivore 3, cold resistance 1, negative energy
resistance 3, slow regeneration 1, torment resistance, unbreathing
a: Renounce Religion


You were in the Dungeon.
You worshipped Qazlal.
Qazlal was aware of your devotion.
You were not hungry.

You visited 1 branch


Innate Abilities, Weirdness & Mutations

Your body is rotting away.
You thrive on raw meat.
You are immune to poison.
You have sharp fingernails.
You are carnivorous and can eat meat at any time.
Your flesh is cold resistant.
You are immune to negative energy.
You regenerate slowly when monsters are visible.
You are immune to unholy pain and torment.
You can survive without breathing.

Inventory:

Hand Weapons
 a - a +0 long sword (weapon)
Missiles
 F - 2 throwing nets (quivered) {+f}
Armour
 b - a +0 leather armour (worn)
 c - a +0 helmet (worn)
Wands
 g - a wand of draining (4)
Potions
 i - 2 potions of magic
 j - a potion of berserk rage
Comestibles
 d - 3 chunks of flesh
 e - a meat ration


You had 3 spell levels left.
You didn't know any spells.


   Skills:
 - Level 2.1 Fighting
 + Level 9.0 Long Blades
 - Level 1.7 Throwing
 - Level 2.6 Dodging

Dungeon Overview and Level Annotations

Branches:
Dungeon (1/1)

Altars:
Cheibriados
Dithmenos
Elyvilon
Fedhas
Gozag
Kikubaaqudgha
Makhleb
Nemelex Xobeh
Okawaru
Qazlal
Ru
Sif Muna
Trog
Vehumet
Xom
Yredelemnul
Zin
The Shining One
Beogh
Jiyva
Lugonu

Vault maps used:
D:        linesprint
You       could see a phantom.


Message History

You lost 4 HP.
You have now: 14/35 HP.
You miss the phantom.
The phantom is moderately damaged.
The phantom hits you.
* * * LOW HITPOINT WARNING * * *
You lost 5 HP.
You have now: 9/35 HP.
Drink which item? (? for menu, Esc to quit)
You feel better. The phantom hits you.
* * * LOW HITPOINT WARNING * * *
You got additional 1 HP.
Restored 4 HP.
You have now: 13/36 HP.
Unknown command.
Throwing (i - inventory):
F - 3 throwing nets (quivered)
{+f}
Press: ? - help, Shift-Dir - straight line, f - phantom
Aim: a phantom (moderately damaged)
You throw a throwing net {+f}. The throwing net {+f} hits the phantom.
The net passes right through the phantom!
The phantom is moderately damaged.
The phantom misses you.
You miss the phantom.
The phantom is moderately damaged.
The phantom hits you.
* * * LOW HITPOINT WARNING * * *
You lost 2 HP.
You have now: 11/36 HP.
You hit the phantom.
The phantom is moderately damaged.
The phantom hits you.
* * * LOW HITPOINT WARNING * * *
You lost 1 HP.
You have now: 10/36 HP.
You hit the phantom.
The phantom is heavily damaged.
The phantom blinks!
There is a stormy altar of Qazlal here.
You see here a throwing net {+f}.
Unknown command.
You closely miss the phantom.
The phantom is heavily damaged.
The phantom hits you.
* * * LOW HITPOINT WARNING * * *
You lost 3 HP.
You have now: 8/36 HP.
You hit the phantom.
The phantom is heavily damaged.
The phantom hits you but does no damage.
You hit the phantom.
The phantom is severely damaged.
The phantom hits you.
* * * LOW HITPOINT WARNING * * *
You lost 3 HP.
You have now: 5/36 HP.
Drink which item? (? for menu, Esc to quit)
You feel yourself speed up. The phantom hits you!
You die...

Action                   |  1- 3 |  4- 6 || total
-------------------------+-------+-------++-------
Melee: Long sword        |    34 |    17 ||    51
Throw: Throwing net      |       |     1 ||     1
Evoke: Wand              |     2 |     1 ||     3
  Use: Potion            |     1 |     2 ||     3
       Scroll            |     1 |       ||     1
  Eat: Chunk             |     1 |       ||     1

Notes
Turn   | Place    | Note
--------------------------------------------------------------
     0 | D        | hexophile the Ghoul Gladiator began the quest for the Orb.
     0 | D        | Reached XP level 1. HP: 17/17 MP: 0/0
    17 | D        | Reached skill level 3 in Long Blades
    32 | D        | Reached skill level 5 in Long Blades
    32 | D        | Reached XP level 2. HP: 21/24 MP: 1/1
    83 | D        | Noticed a centaur
    83 | D        | Noticed a phantom
    87 | D        | Found a glowing silver altar of Zin.
    87 | D        | Found a glowing golden altar of the Shining One.
    87 | D        | Found an ancient bone altar of Kikubaaqudgha.
    87 | D        | Found a basalt altar of Yredelemnul.
    87 | D        | Found a shimmering altar of Xom.
    87 | D        | Found a radiant altar of Vehumet.
    88 | D        | Found an iron altar of Okawaru.
    89 | D        | Found a burning altar of Makhleb.
    90 | D        | Found a deep blue altar of Sif Muna.
    91 | D        | Found a bloodstained altar of Trog.
    92 | D        | Found a sparkling altar of Nemelex Xobeh.
    93 | D        | Found a white marble altar of Elyvilon.
    94 | D        | Found a roughly hewn altar of Beogh.
    95 | D        | Found a viscous altar of Jiyva.
    96 | D        | Found a corrupted altar of Lugonu.
    97 | D        | Found a blossoming altar of Fedhas.
    98 | D        | Found a snail-covered altar of Cheibriados.
    99 | D        | Found a shadowy altar of Dithmenos.
   100 | D        | Found a stormy altar of Qazlal.
   101 | D        | Found an opulent altar of Gozag.
   102 | D        | Found a sacrificial altar of Ru.
   108 | D        | Became a worshipper of Qazlal Stormbringer
   124 | D        | Killed a centaur
   124 | D        | Reached * piety under Qazlal
   124 | D        | Reached skill level 8 in Long Blades
   124 | D        | Reached XP level 3. HP: 18/28 MP: 2/2
   124 | D        | Reached XP level 4. HP: 22/35 MP: 3/3
   128 | D        | Reached skill level 9 in Long Blades
   158 | D        | Slain by a phantom

Table legend:
 A = Turns spent in this place as a percentage of turns spent in the entire game.
 B = Non-inter-level travel turns spent in this place as a percentage of non-inter-level travel turns spent in the entire game.
 C = Inter-level travel turns spent in this place as a percentage of turns spent in this place.
 D = Turns resting spent in this place as a percentage of non-inter-level travel turns spent in this place.
 E = Turns spent auto-exploring this place as a percentage of non-inter-level travel turns spent in this place.
 F = Non-inter-level travel turns spent in this place divided by the number of levels of this place that you've seen.
                   A       B       C       D       E      F
               +-------+-------+-------+-------+-------+----------------------
         Total | 100.0 | 100.0 |   0.0 |   2.1 |   0.0 | 144.0
       Dungeon | 100.0 | 100.0 |   0.0 |   2.1 |   0.0 | 144.0
               +-------+-------+-------+-------+-------+----------------------

Table legend:
 A = Kills in this place as a percentage of kills in entire the game.
 B = Kills by you in this place as a percentage of kills by you in the entire game.
 C = Kills by friends in this place as a percentage of kills by friends in the entire game.
 D = Other kills in this place as a percentage of other kills in the entire game.
 E = Experience gained in this place as a percentage of experience gained in the entire game.
 F = Experience gained in this place divided by the number of levels of this place that you have seen.
                   A       B       C       D       E      F
               +-------+-------+-------+-------+-------+----------------------
         Total | 100.0 | 100.0 |  -nan |  -nan | 100.0 | 160.0
       Dungeon | 100.0 | 100.0 |  -nan |  -nan | 100.0 | 160.0
               +-------+-------+-------+-------+-------+----------------------

Vanquished Creatures
  A centaur (D)
  A gnoll (D)
  A shadow imp (D)
  A bat (D)
  A giant cockroach (D)
  A giant cockroach zombie (D)
  A giant gecko (D)
  A kobold (D)
  A rat (D)
9 creatures vanquished.
